[Event "Late-Titled-Tuesday-Blitz-December-26-2023"]
[Site "Chess.com"]
[Date "2023.12.26"]
[Round "11"]
[White "UmutErdemGunduz"]
[Black "HalfIsCrayfish"]
[Result "1-0"]
[WhiteElo "2724"]
[BlackElo "2628"]
[TimeControl "180+1"]
[EndTime "16:03:44 PST"]
[Termination "UmutErdemGunduz won by resignation"]

1. e4 c6 2. d4 d5 3. Nc3 dxe4 4.
Nxe4 Bf5 5. Ng3 Bg6 6. h4 h6 7. Nf3 e6 8. h5 Bh7 9. Bd3 Bxd3 10. Qxd3 Nf6 11. Bd2 c5 12. O-O-O Nc6 13. Be3 Qa5 14. Kb1 Rd8 15. Qb3 Qb6 16. dxc5 Bxc5 17. Qxb6 axb6 18. Rxd8+ Nxd8 19. Re1 Nc6 20. c3 O-O 21. Kc2 Rd8 22. Bxc5 bxc5 23. Ne5 Nxe5 24. Rxe5 b6 25. a4 Nd5 26. Ne2 Kf8 27. Re4 Ke7 28. g4 Nf6 29. Rc4 Nd7 30. b4 Ra8 31. Kb3 Kd6 32. Rf4 Ne5 33. Ng3 f6 34. Ne4+ Kc6 35. Nd2 Rd8 36.
Kc2 Ra8 37. Re4 Rd8 38. f4 Nd7 39. Rxe6+ Kc7 40. Re7 Rg8 41. Nc4 g6 42. Nxb6 Kxb6 43. Rxd7 gxh5 44. gxh5 c4 45. Rd6+ Kc7 46. Rxf6 Rg2+ 47.
Kd1 Rf2 48. a5 Kd7 49. a6 Ra2 50. b5 Ke7 51. Rxh6 Kf7 52. Rc6 Ke7 53. h6 Kd7 54. h7 Rh2 55. a7 1-0

[Event "Late-Titled-Tuesday-Blitz-December-26-2023"]
[Site "Chess.com"]
[Date "2023.12.26"]
[Round "11"]
[White "KorolDimitriy75"]
[Black "nitpicker"]
[Result "1/2-1/2"]
[WhiteElo "2313"]
[BlackElo "2289"]
[TimeControl "180+1"]
[EndTime "16:03:44 PST"]
[Termination "Game drawn by repetition"]

1. d4 Nf6 2. c4 e6 3. Nc3 Bb4 4. Qc2 d5 5. cxd5 exd5 6. Bg5 Be7 7. e3 c6 8. Bd3 h6 9. Bh4 O-O 10. Nge2 b6 11. f3 Ba6 12. O-O Bxd3 13. Qxd3 Nbd7 14.
Rad1 Re8 15. Bf2 Nf8 16. h3 Ne6 17. e4 dxe4 18. fxe4 Qc7 19. d5 Rad8 20. Qc4 cxd5 21. Qxc7 Nxc7 22. Bg3 Bd6 23. exd5 Bxg3 24. Nxg3 Ncxd5 25.
Nxd5 Rxd5 26. Rxd5 Nxd5 27. Rd1 Re5 28. Kf2 f5 29. Rc1 Kf7 30. Rc8 f4 31. Ne2 g5 32.
Nd4 Re7 33. Nf5 Re6 34. Rd8 Ne3 35. Rd7+ Kf6 36. Nxh6 Kg6 37. Ng4 Nxg4+ 38. hxg4 a5 39. a3 Rc6 40. Kf3 Kf6 41. Ke4 Ke6 42. Rg7 Kf6 43.
Rh7 Kg6 44. Rb7 Kf6 45. Kd5 Rc5+ 46. Kd4 Rb5 47. Kc3 Rc5+ 48. Kd4 Rb5 49. Kc3 Rc5+ 50. Kb3 Rb5+ 51. Kc3 1/2-1/2

[Event "Late-Titled-Tuesday-Blitz-December-26-2023"]
[Site "Chess.com"]
[Date "2023.12.26"]
[Round "11"]
[White "ElenGajger"]
[Black "INLOVEWITHF"]
[Result "0-1"]
[WhiteElo "2428"]
[BlackElo "2532"]
[TimeControl "180+1"]
[EndTime "16:03:46 PST"]
[Termination "INLOVEWITHF won on time"]

1. e4 e5 2. d4 exd4 3. Nf3 d5 4. Qxd4 Nf6 5. exd5 Nxd5 6. Bc4 Bb4+ 7. c3 Qe7+ 8.
Be2 Nc6 9. Qxd5 O-O 10. Be3 Rd8 11. Qg5 f6 12. Qb5 Bd7 13. cxb4 Nxb4 14. Qc4+ Be6 15. Qc1 Nxa2 16. Qc5 Qxc5 17. Bxc5 Nc1 18. Nc3 Nb3 19. Rxa7 Nxc5 20. Rxa8 Rxa8 21. O-O c6 22. Nd4 Bf7 23. Bg4 g6 24. Re1 Nd3 25. Rb1 Rd8 26. Ne6 Rd6 27.
Ne4 Rxe6 28. Bxe6 Bxe6 29. f3 f5 30. Nd6 b5 31. b4 Ba2 32. Rd1 Nxb4 33. Re1 Kg7 34. Re7+ Kf6 35. Rxh7 Nd5 36. g3 Ke5 37. Nf7+ Kd4 38. Nd6 b4 39. Rb7 b3 40. h4 Kc3 41.
Kf2 b2 42. g4 fxg4 43. Rxb2 Kxb2 44. fxg4 c5 45. h5 g5 46. h6 Bb1 47. Kf3 Nf6 48.
Ke3 Kc3 0-1

[Event "Late-Titled-Tuesday-Blitz-December-26-2023"]
[Site "Chess.com"]
[Date "2023.12.26"]
[Round "11"]
[White "ATM622"]
[Black "GlavkonVVS"]
[Result "1-0"]
[WhiteElo "2441"]
[BlackElo "2510"]
[TimeControl "180+1"]
[EndTime "16:03:49 PST"]
[Termination "ATM622 won by resignation"]

1. d4 Nf6 2. c4 c5 3. d5 e6 4. g3 exd5 5. cxd5 d6 6. Bg2 g6 7. Nf3 Bg7 8. O-O O-O 9. Nc3 a6 10. a4 Re8 11. Nd2 Nbd7 12. Nc4 Ne5 13. Nxe5 Rxe5 14. b3 Rb8 15. Bb2 b5 16. axb5 axb5 17. Ra7 Qb6 18. Qa1 Bb7 19. Nxb5 Qxb5 20. Bxe5 dxe5 21.
Qxe5 Nd7 22. Qc7 Be5 23. d6 Bxg2 24. Kxg2 Nf8 25. Qxf7+ Kh8 26. f4 Qxe2+ 27. Rf2 Qe4+ 28. Kh3 Bd4 29. Rd2 Qe6+ 30. Qxe6 Nxe6 31. Re2 Nf8 32. d7 Rd8 33. Re8 Bf6 34. Ra6 Kg7 35. Rxf6 Nxd7 36.
Rxd8 Nxf6 37. g4 h5 38. g5 Ne4 39. Rd7+ Kf8 40. Kg2 Ke8 41. Rd5 Kf7 42. Re5 Nd2 43.
Rxc5 Nxb3 44. Rc6 Nd4 45. Rf6+ Kg7 46. Kf2 Nb3 47. Rd6 Nc5 48. Rc6 Ne4+ 49. Ke3 1-0

[Event "Late-Titled-Tuesday-Blitz-December-26-2023"]
[Site "Chess.com"]
[Date "2023.12.26"]
[Round "11"]
[White "chessajedrezz2020"]
[Black "Felix-Rose"]
[Result "1-0"]
[WhiteElo "2743"]
[BlackElo "2246"]
[TimeControl "180+1"]
[EndTime "16:03:49 PST"]
[Termination "chessajedrezz2020 won on time"]

1. Nf3 Nf6 2. g3 d5 3. Bg2 g6 4.
O-O Bg7 5. d3 O-O 6. Nbd2 Nc6 7.
e4 dxe4 8. dxe4 e5 9. c3 a5 10. Qc2 Be6 11. Ng5 Bg4 12. Ngf3 Bxf3 13. Bxf3 Qd7 14.
Nc4 Rfd8 15. a4 h6 16. Kg2 Qd3 17. Qb3 Nxe4 18. Rd1 Nc5 19. Qb5 Qc2 20. Ne3 Qb3 21. Qxc5 e4 22. Be2 Bf8 23. Qb5 Qe6 24. Bc4 Qf6 25. Be2 Rxd1 26. Nxd1 Rd8 27. Be3 Ne5 28.
Bd4 Bd6 29. Qxb7 Qf5 30. Ne3 Qe6 31. Qxe4 Nd7 32. Qxe6 fxe6 33. Bc4 Kf7 34. Re1 c5 35. Nc2 cxd4 36. Rxe6 Nb6 37. Rxd6+ Nxc4 38. Rxd8 Nxb2 39.
Rxd4 Nxa4 40. Rxa4 h5 41. Rxa5 Kg7 42. h4 Kh6 43. f4 g5 44. Rxg5 Kh7 45. c4 Kh6 46.
c5 Kh7 47. c6 Kh6 48. c7 Kh7 49. c8=Q 1-0

[Event "Late-Titled-Tuesday-Blitz-December-26-2023"]
[Site "Chess.com"]
[Date "2023.12.26"]
[Round "11"]
[White "BogdanDeac"]
[Black "sheldons73tshirt"]
[Result "1-0"]
[WhiteElo "3009"]
[BlackElo "2685"]
[TimeControl "180+1"]
[EndTime "16:03:56 PST"]
[Termination "BogdanDeac won by checkmate"]

1. b3 d5 2. Bb2 Nf6 3. e3 g6 4.
Bxf6 exf6 5. d4 c6 6. g3 h5 7. h4 Bd6 8. Bg2 Bf5 9. Ne2 Nd7 10. c4 dxc4 11. bxc4 Kf8 12. Nbc3 Kg7 13. e4 Bg4 14. f3 Qc7 15. e5 fxe5 16. fxg4 exd4 17. Qxd4+ Be5 18.
Qf2 Nf6 19. gxh5 Nxh5 20. Rh3 Rhe8 21. O-O-O Nf6 22. h5 Qa5 23. h6+ Kh8 24. g4 Re7 25. Qf3 Rae8 26. g5 Nh7 27. Qg4 Qa3+ 28. Kc2 Qb4 29.
Rhd3 a5 30. Rd8 Qb6 31. Rxe8+ Rxe8 32. Rd7 Qf2 33. Qf3 Qxf3 34. Bxf3 Nxg5 35. Bg2 Kh7 36. Rxb7 Kxh6 37. Bxc6 Rc8 38. Bd5 f5 39. Nd1 f4 40.
Nf2 Kh5 41. Kd3 Kh4 42. Ne4 f3 43. N2c3 Nxe4 44. Nxe4 Rd8 45. Ke3 Kg4 46. Nf2+ Kg3 47.
Nh1+ Kg2 48. Bxf3+ Kh3 49. Bd5 Kg4 50. Nf2+ Kg3 51. Ne4+ Kg4 52. Be6+ Kh4 53. Rh7# 1-0

[Event "Late-Titled-Tuesday-Blitz-December-26-2023"]
[Site "Chess.com"]
[Date "2023.12.26"]
[Round "11"]
[White "topce"]
[Black "jcmesafischer"]
[Result "0-1"]
[WhiteElo "2349"]
[BlackElo "2294"]
[TimeControl "180+1"]
[EndTime "16:03:56 PST"]
[Termination "jcmesafischer won on time"]

1. c4 Nf6 2. Nc3 e6 3. e4 d6 4. d4 Nc6 5. d5 exd5 6. cxd5 Ne5 7. Be2 Be7 8. h3 c6 9. f4 Ned7 10. dxc6 bxc6 11. Nf3 O-O 12. O-O Re8 13. Bc4 d5 14. exd5 Nb6 15. Bb3 Nbxd5 16. Ne5 Ba6 17. Re1 Bc5+ 18.
Kh2 Qc7 19. Qf3 Rad8 20. Bd2 Re7 21. Rad1 Rde8 22. Bc1 Nxc3 23. Qxc3 Bb6 24. Be3 Ba5 25. Qxc6 Qxc6 26. Nxc6 Rxe3 27. Rxe3 Rxe3 28. Nxa5 h5 29. Rd2 h4 30. Nc6 Ne4 31. Rc2 Ng3 32. Rc1 Re2 33.
Ne5 Bb7 34. Bxf7+ Kh7 35. Rg1 Rxb2 36. Bg6+ Kh6 37. Be8 g5 38. fxg5+ Kxg5 39. Ng4 Bc8 40. Ne3 Ne4 41. Bc6 Nd2 42. Rd1 Rc2 43. Bd5 Rb2 44. Nf1 Nxf1+ 45. Rxf1 Rd2 46. Bf3 Rxa2 47. Rc1 Bf5 48.
Rc5 Kf4 49. Rc4+ Kg5 50. Kg1 Ra1+ 0-1

[Event "Late-Titled-Tuesday-Blitz-December-26-2023"]
[Site "Chess.com"]
[Date "2023.12.26"]
[Round "11"]
[White "Zadar321"]
[Black "kikoveiga"]
[Result "1-0"]
[WhiteElo "2492"]
[BlackElo "2530"]
[TimeControl "180+1"]
[EndTime "16:04:09 PST"]
[Termination "Zadar321 won on time"]

1. e4 c5 2. Nf3 e6 3. d4 cxd4 4. Nxd4 Nc6 5. Nc3 Nf6 6. Ndb5 Bc5 7. Nd6+ Ke7 8. Bf4 e5 9. Nf5+ Kf8 10. Bg5 d6 11. Ne3 Be6 12. Qd2 h6 13. Bxf6 Qxf6 14. Ncd5 Qd8 15. c3 g6 16. b4 Bb6 17. Nxb6 Qxb6 18. Qxd6+ Kg7 19. Nd5 Bxd5 20. Qxd5 Rhd8 21. Qc5 Qxc5 22. bxc5 Rac8 23. Rb1 Rc7 24. Rd1 Rxd1+ 25. Kxd1 Nb8 26. Kc2 Nd7 27. Bc4 Nxc5 28. Bd5 Na4 29.
c4 Nb6 30. Kb3 Nd7 31. Rd1 Nc5+ 32. Kb4 b6 33. Kb5 Kf6 34. a4 Ke7 35. a5 bxa5 36.
Kxa5 f5 37. exf5 gxf5 38. f3 Kf6 39. Kb5 e4 40. Bc6 Nb3 41. fxe4 fxe4 42. Bxe4 Ke5 43. Bf3 Nd4+ 44. Kb4 a5+ 45. Kc3 Nxf3 46. gxf3 Kf4 47. Rd5 a4 48. Ra5 Kxf3 49. Rxa4 Kg2 50. Ra2+ Kh3 51.
Kd4 h5 52. c5 Kg4 53. Kd5 Kf5 54. Kd6 Rh7 55. c6 Rh6+ 56. Kd7 Rh7+ 57. Kd6 Rh6+ 58. Kd5 Rh7 59. Rc2 1-0

[Event "Late-Titled-Tuesday-Blitz-December-26-2023"]
[Site "Chess.com"]
[Date "2023.12.26"]
[Round "11"]
[White "Maect19"]
[Black "mariofs"]
[Result "1-0"]
[WhiteElo "2368"]
[BlackElo "2207"]
[TimeControl "180+1"]
[EndTime "16:04:09 PST"]
[Termination "Maect19 won by resignation"]

1. Nf3 d5 2. e3 Nf6 3. c4 c6 4. b3 Bf5 5. Bb2 e6 6. Be2 h6 7.
O-O Be7 8. d4 O-O 9. Nc3 Nbd7 10.
Bd3 Bxd3 11. Qxd3 Re8 12. e4 dxe4 13. Nxe4 Nxe4 14. Qxe4 Bf6 15. Rad1 Qc7 16. Ne5 Rad8 17. f4 c5 18. Kh1 b6 19. Qe2 cxd4 20. Bxd4 Nc5 21. Bxc5 Qxc5 22. Nd7 Qe7 23. Ne5 Qc5 24. h3 Qc7 25. Qe4 Rxd1 26. Rxd1 Rd8 27. Rd3 Bxe5 28. Rxd8+ Qxd8 29. Qxe5 Qd7 30. c5 bxc5 31. Qxc5 g6 32. b4 Qd1+ 33. Kh2 Qd2 34. Qc4 Kg7 35. a4 Qd6 36. b5 g5 37. Qc3+ Kg6 38. Qe5 Qb4 39.
fxg5 hxg5 40. Qc7 Qxa4 41. Qc6 Qf4+ 42. Kg1 Qe3+ 43. Kh2 Qb6 44. Qd7 Qe3 45. Qc6 g4 46.
hxg4 Kg5 47. Qe8 Qf4+ 48. Kg1 Kxg4 49. Qg8+ Kf5 50. Qxf7+ Ke5 51. Qc7+ Kf5 52. Qxa7 Qe3+ 53. Qxe3 e5 54. Qf2+ Ke6 55. Qe2 Ke7 56. Qf2 Kd7 57.
g4 Kc7 58. Qf5 Kb6 59. Qxe5 Ka5 60. g5 Ka4 61. g6 Ka3 62. b6 Ka2 63. Qb5 Ka1 64. b7 1-0

[Event "Late-Titled-Tuesday-Blitz-December-26-2023"]
[Site "Chess.com"]
[Date "2023.12.26"]
[Round "11"]
[White "CheckThis4"]
[Black "SergioMoralesG"]
[Result "1-0"]
[WhiteElo "2694"]
[BlackElo "2427"]
[TimeControl "180+1"]
[EndTime "16:04:16 PST"]
[Termination "CheckThis4 won on time"]

1. e4 c5 2. Nf3 e6 3. d4 cxd4 4. Nxd4 Nc6 5. Nc3 Qc7 6. Be2 a6 7. Be3 Nf6 8. Nxc6 bxc6 9. O-O d5 10. f4 Be7 11. e5 Nd7 12. Bd3 c5 13. Qg4 g6 14.
Bf2 O-O 15. Bh4 f5 16. Qh3 Bxh4 17. Qxh4 d4 18. Nd1 Nb6 19. Rf3 Bb7 20. Rh3 Rad8 21. b3 Rd7 22. Nf2 c4 23. bxc4 Nxc4 24. Rb1 Na3 25.
Rf1 Nc4 26. Rg3 Ne3 27. Rb1 Qc6 28. Qh3 Qa4 29. Qh6 Qxa2 30. Re1 Qd5 31. Qg5 a5 32. h4 Rg7 33. h5 a4 34. c4 Qc6 35. h6 Rd7 36. Nd1 Nxc4 37. Bf1 Nd2 38. Nf2 Ne4 39. Rxe4 fxe4 40. Ng4 Rdf7 41. Nf6+ Rxf6 42. exf6 d3 43. f7+ Rxf7 44. Qd8+ Rf8 45. Qe7 Rf7 46. Qd8+ Rf8 47. Qd4 e5 48. Qxe5 Qf6 49. Qc7 Qf7 50. Qc3 Qf6 51.
Qc7 Rf7 52. Qb8+ Rf8 53. Qxb7 Qd4+ 54. Kh2 d2 55. Rc3 d1=Q 56. Rc7 Qh5+ 57. Kg3 Qxh6 58.
Bc4+ Qxc4 59. Rxh7 1-0

[Event "Late-Titled-Tuesday-Blitz-December-26-2023"]
[Site "Chess.com"]
[Date "2023.12.26"]
[Round "11"]
[White "Vision_64"]
[Black "b_6"]
[Result "0-1"]
[WhiteElo "2278"]
[BlackElo "2369"]
[TimeControl "180+1"]
[EndTime "16:04:18 PST"]
[Termination "b_6 won by resignation"]

1. e4 e6 2. d4 d5 3. Bd3 dxe4 4.
Bxe4 Nf6 5. Bf3 c5 6. Ne2 Nc6 7. Be3 Nd5 8. Bxd5 Qxd5 9. Nbc3 Qxg2 10. Rg1 Qxh2 11. Bf4 Qh3 12. Nb5 f6 13. Nc7+ Kf7 14.
Nxa8 cxd4 15. Qd3 Qxd3 16. cxd3 e5 17. Bd2 Bd6 18. Ng3 Nb4 19. Ke2 Nd5 20. Ne4 Bb8 21.
Rac1 Bf5 22. Nc5 b6 23. Na6 Bd6 24. N8c7 Nxc7 25. Nxc7 Bd7 26. Nd5 Be6 27. Nb4 a5 28. Nc2 Bxa2 29. Na3 Re8 30. Rc6 Bc5 31. Rc7+ Re7 32.
Rxe7+ Bxe7 33. Nc4 Bc5 34. Ra1 Bb3 35. Be1 h5 36.
Kf3 g5 37. Bd2 Kg6 38. Rg1 Kf5 39. Rh1 h4 40. Kg2 Ba4 41. f3 Bc2 42. Na3 Bxd3 43.
Rc1 Ba6 44. Nc4 Bb7 45. Rb1 g4 46. Kf2 Bxf3 47. b4 Be4 48. Rb2 axb4 49. Bxb4 g3+ 50. Kg1 h3 51. Bxc5 h2+ 52. Rxh2 gxh2+ 53. Kxh2 bxc5 54.
Kg3 Bd5 55. Nd2 Ke6 56. Kf2 f5 57. Ke2 e4 58. Kd1 c4 59. Nb1 Ke5 0-1

[Event "Late-Titled-Tuesday-Blitz-December-26-2023"]
[Site "Chess.com"]
[Date "2023.12.26"]
[Round "11"]
[White "Slovak_fighter2000"]
[Black "DCacheiro"]
[Result "1-0"]
[WhiteElo "2492"]
[BlackElo "2520"]
[TimeControl "180+1"]
[EndTime "16:04:20 PST"]
[Termination "Slovak_fighter2000 won by resignation"]

1. d4 Nf6 2. Nf3 g6 3. Bg5 Bg7 4.
Nbd2 O-O 5. e4 d6 6. Bd3 Nc6 7.
c3 e5 8. O-O h6 9. Bh4 Qe8 10.
dxe5 Nxe5 11. Nxe5 dxe5 12. Nc4 Nh5 13. Bg3 Nxg3 14.
hxg3 Be6 15. Qe2 Rd8 16. Ne3 c6 17. Bc4 Qe7 18. Bxe6 Qxe6 19. Qc4 Qxc4 20. Nxc4 b6 21. Rfd1 Bf6 22. Kf1 Rfe8 23. Ke2 Kf8 24. a4 Ke7 25. Rxd8 Rxd8 26. Rd1 Rxd1 27. Kxd1 h5 28. Ke2 Ke6 29.
f4 Bg7 30. Ne3 Bf8 31. f5+ Kd7 32. g4 Bh6 33. gxh5 gxh5 34. Nc4 f6 35. b3 b5 36. Nb2 Kd6 37. Nd3 a6 38. c4 Bg5 39. Kd1 Be3 40. Kc2 Bg1 41. cxb5 cxb5 42. Nb4 bxa4 43.
bxa4 Kc5 44. Kc3 Bd4+ 45. Kb3 Be3 46. Nd5 Bg5 47. Kc3 a5 48. Nc7 Bh4 49. Ne6+ Kc6 50. Kc4 Be1 51. Ng7 h4 52. Ne8 Kd7 53. Nxf6+ Ke7 54.
Ng4 Kd6 55. Nh2 Ke7 56. Nf3 Bg3 57. Kd5 Kf6 58. Nd2 Be1 59. Nc4 Bc3 60. Kd6 Bb4+ 61.
Kc6 Bc3 62. Kd5 Bb4 63. Nxe5 1-0

[Event "Late-Titled-Tuesday-Blitz-December-26-2023"]
[Site "Chess.com"]
[Date "2023.12.26"]
[Round "11"]
[White "mightysmasher"]
[Black "venturov"]
[Result "1-0"]
[WhiteElo "2568"]
[BlackElo "2488"]
[TimeControl "180+1"]
[EndTime "16:04:22 PST"]
[Termination "mightysmasher won by checkmate"]

1. e4 Nf6 2. e5 Nd5 3. c4 Nb6 4. d4 d6 5. exd6 cxd6 6. Nf3 g6 7. Nc3 Bg7 8. Be2 O-O 9. O-O Bg4 10. Be3 Nc6 11. b3 d5 12. c5 Nc8 13. Rc1 e6 14. h3 Bxf3 15. Bxf3 N8e7 16. Nb5 Nf5 17. g4 Nxe3 18.
fxe3 Bh6 19. Qd3 e5 20. Bg2 exd4 21. Nxd4 Re8 22. Rce1 Re5 23. Nxc6 bxc6 24. e4 d4 25. Qc4 Be3+ 26. Kh1 Qe7 27. b4 Rf8 28. Qd3 h5 29. Qe2 Qh4 30. Qf3 Kg7 31. gxh5 Rxh5 32. e5 Rxe5 33.
Qxc6 Rg5 34. Qf6+ Kg8 35. c6 Qg3 36. Qf3 Qd6 37. b5 Rxb5 38. Rd1 Rg5 39. Qxe3 dxe3 40. Rxd6 Rc5 41. Re1 Re8 42. Kh2 f5 43. Rxg6+ Kf7 44. Rd6 f4 45. Rd7+ Kf6 46. Rd6+ Ke5 47. Rh6 Rc2 48. Rh5+ Kd4 49. Rd5+ Kc4 50. Rd7 Rg8 51.
Rg1 f3 52. c7 Rgxg2+ 53. Rxg2 Rxg2+ 54. Kh1 Rg8 55. Rd8 f2 56. c8=Q+ Kb4 57. Qb7+ Kc3 58. Qc6+ Kb4 59. Rd4+ Ka3 60. Qc5+ Kxa2 61. Qc2+ Ka3 62. Ra4# 1-0

[Event "Late-Titled-Tuesday-Blitz-December-26-2023"]
[Site "Chess.com"]
[Date "2023.12.26"]
[Round "11"]
[White "youngdinousaur"]
[Black "giomar27"]
[Result "1-0"]
[WhiteElo "2309"]
[BlackElo "2370"]
[TimeControl "180+1"]
[EndTime "16:04:26 PST"]
[Termination "youngdinousaur won on time"]

1. d4 g6 2. e4 Bg7 3. Nc3 d6 4.
Nf3 a6 5. Bg5 h6 6. Bh4 b5 7. a3 Nd7 8. Be2 Bb7 9. O-O g5 10.
Bg3 Ngf6 11. d5 O-O 12. Nd4 Nc5 13. Bd3 e6 14. dxe6 fxe6 15. b4 Nxd3 16. cxd3 Qe7 17.
Rc1 Nd7 18. Nb3 c5 19. Na5 Bc8 20. Nc6 Qf6 21. Bxd6 Rf7 22. Bxc5 Bb7 23. Na5 Nxc5 24. bxc5 Rd8 25. c6 Bc8 26. Nb3 Rc7 27. Ne2 Bf8 28. d4 Bxa3 29. Rc2 Qf8 30. d5 exd5 31. exd5 Bd6 32. Nbd4 Re7 33. Qd3 Rde8 34. Ng3 Kh8 35.
Ndf5 Re1 36. Qc3+ R1e5 37. Nxd6 Qxd6 38. Rd2 b4 39. Qd4 Kg8 40. Rb1 a5 41. h3 Rf8 42.
Re2 Rfe8 43. Rxe5 Rxe5 44. Rd1 b3 45. Qc3 a4 46. Qa5 b2 47. Qxa4 Rxd5 48. Qb3 Be6 49. Rxd5 b1=Q+ 50. Qxb1 Bxd5 51. Kh2 Qxc6 52. Qf5 Bxg2 53.
Nh5 Bf1 54. Nf6+ Kg7 55. Qd7+ Qxd7 56. Nxd7 Bd3 57. Ne5 Be4 58. Kg3 Bd5 59. f4 Kf6 60.
Nf3 1-0

[Event "Late-Titled-Tuesday-Blitz-December-26-2023"]
[Site "Chess.com"]
[Date "2023.12.26"]
[Round "11"]
[White "FREZZY23"]
[Black "tripledes"]
[Result "1/2-1/2"]
[WhiteElo "2384"]
[BlackElo "2239"]
[TimeControl "180+1"]
[EndTime "16:04:33 PST"]
[Termination "Game drawn - insufficient material"]

1. Nf3 d5 2. g3 Nf6 3. c4 d4 4.
Bg2 Nc6 5. O-O e5 6. e3 Be7 7. b3 O-O 8. Bb2 Bg4 9. exd4 Nxd4 10. Bxd4 Bxf3 11. Qxf3 Qxd4 12. Nc3 c6 13. Rad1 Rad8 14. Rfe1 Bb4 15. Ne2 Qd3 16. Qxd3 Rxd3 17. Nc1 Rxd2 18. Rxd2 Bxd2 19. Rd1 Bxc1 20. Rxc1 Rd8 21.
b4 Ne8 22. b5 cxb5 23. cxb5 Nd6 24. Rc7 Nxb5 25. Rxb7 a6 26. Bf1 Kf8 27. a4 Nc3 28.
Bc4 f6 29. Rf7+ Ke8 30. Rxg7 Nxa4 31. Bxa6 Nc3 32. Rxh7 Ne4 33. Rh8+ Ke7 34. Rxd8 Kxd8 35. h4 Ke7 36. Kg2 f5 37. Bd3 Nd6 38. Bc2 Kf6 39.
f3 Nc4 40. Kf2 Na3 41. Bd3 e4 42. fxe4 fxe4 43. Bxe4 Nc4 44. g4 Ke5 45. Bc2 Kf4 46.
g5 Ne3 47. g6 Ng4+ 48. Kg2 Nf6 49. Kh3 Nh5 50. Bd1 Ng7 51. h5 Kg5 52. Kg3 Ne6 53.
Kf2 Kh6 54. Ke3 Nf8 55. Bc2 Ne6 56. Ke4 Kxh5 57. Ke5 Ng7 58. Kf6 Kh6 59. Bd3 Nh5+ 60. Kf7 Ng7 61. Be2 Nf5 62. Kf6 Nd6 63. Bd3 Ne8+ 64. Ke7 Ng7 65. Kf7 Nh5 66. Be2 Ng7 67. Bg4 Ne8 68. Kxe8 Kxg6 1/2-1/2

[Event "Late-Titled-Tuesday-Blitz-December-26-2023"]
[Site "Chess.com"]
[Date "2023.12.26"]
[Round "11"]
[White "PapaieDudu"]
[Black "Ajedrez_con_German"]
[Result "0-1"]
[WhiteElo "2492"]
[BlackElo "2581"]
[TimeControl "180+1"]
[EndTime "16:04:35 PST"]
[Termination "Ajedrez_con_German won by checkmate"]

1. e4 d6 2. Nf3 Nf6 3. Nc3 g6 4.
d4 Bg7 5. h3 O-O 6. Be3 c6 7.
Bd3 b5 8. Qd2 Nbd7 9. Bh6 Nb6 10. Bxg7 Kxg7 11. e5 Nfd5 12. Ne4 Bf5 13. g4 Nc4 14. Qe2 Bxe4 15. Bxe4 Nxb2 16. Bxd5 Qa5+ 17. Kf1 cxd5 18. h4 Qc3 19. Re1 Qc4 20. Kg2 Qxe2 21. Rxe2 Nc4 22. h5 dxe5 23. h6+ Kg8 24. dxe5 e6 25.
Nd4 a6 26. f4 Rfe8 27. Rhe1 Rac8 28. f5 Na5 29. Kg3 Rc4 30. Rd2 Nc6 31. Nf3 Rc8 32.
Ree2 gxf5 33. gxf5 Ne7 34. f6 Nf5+ 35. Kh3 Rf4 36.
Rg2+ Kh8 37. Rd3 Rcc4 38. Rg1 Nh4 39. Ng5 Ng6 40. Nxf7+ Kg8 41. Ng5 Rh4+ 42. Kg2 Rcg4+ 43. Kf1 Rxg1+ 44. Kxg1 Rg4+ 45. Kf2 Rxg5 46. Re3 Nxe5 47.
Rc3 Kf7 48. Rc8 Kxf6 49. Rf8+ Kg6 50. Rg8+ Kxh6 51. Re8 Ng6 52. Rb8 Re5 53. Rb6 Rf5+ 54. Ke3 e5 55. Rxa6 d4+ 56. Kd3 Kg5 57. Ke4 h5 58.
Ra8 h4 59. Rf8 Rxf8 60. a4 bxa4 61. c4 dxc3 62. Kd5 e4 63. Ke6 e3 64. Kd7 e2 65.
Ke6 Rf6+ 66. Kd5 e1=Q 67. Kc4 Qe4+ 68. Kb5 Qc6+ 69. Kb4 Rf4+ 70. Ka3 Qc5+ 71. Ka2 Qc4+ 72. Kb1 Qb3+ 73. Kc1 Rf1# 0-1

[Event "Late-Titled-Tuesday-Blitz-December-26-2023"]
[Site "Chess.com"]
[Date "2023.12.26"]
[Round "11"]
[White "Durarbayli"]
[Black "vugarrasulov"]
[Result "1/2-1/2"]
[WhiteElo "2936"]
[BlackElo "2950"]
[TimeControl "180+1"]
[EndTime "16:04:39 PST"]
[Termination "Game drawn - insufficient material"]

1. e4 e5 2. Nf3 Nc6 3. Bb5 d6 4. d4 Bd7 5. O-O Nf6 6. Re1 g6 7. Nc3 exd4 8. Nxd4 Bg7 9. Nxc6 Bxc6 10. e5 dxe5 11.
Bxc6+ bxc6 12. Rxe5+ Kf8 13. Qxd8+ Rxd8 14. Ra5 Ne4 15.
Bg5 Nxg5 16. Rxg5 f5 17. Rg3 Rd2 18. Rc1 Bd4 19. Rf3 Kg7 20. Kf1 Re8 21. Nd1 Ree2 22. Rd3 Bb6 23. Rxd2 Rxd2 24. Ke1 Rd5 25. c3 f4 26. Rc2 Kf6 27. Re2 g5 28. h3 h5 29.
Re8 g4 30. hxg4 hxg4 31. Ke2 f3+ 32. gxf3 gxf3+ 33. Ke1 Re5+ 34. Rxe5 Kxe5 35. b3 Ke4 36. Nb2 Bc5 37. Nc4 Be7 38. Nd2+ Kd3 39. Nxf3 Kxc3 40. Ne5 c5 41. Nc6 Bd6 42. Nxa7 Kb2 43. Kd2 Kxa2 44.
Kc2 Ka3 45. Kc3 Be5+ 46. Kc4 Kb2 47. Nc6 Bd6 48. Nd8 Kc2 49. Ne6 Kd2 50. f4 Ke3 51. f5 Ke4 52. f6 Ke5 53. Nxc7 Kxf6 54. Na6 Ke7 55. Kd5 Bg3 56. Kc6 Kd8 57. Nxc5 Kc8 58.
Nd7 Be1 59. Nb6+ Kb8 60. Nd5 Bd2 61. Nc7 Be1 62. Nb5 Bd2 63. Nd6 Be1 64. Ne4 Ba5 65. Kb5 Be1 66. Ka6 Kc7 67. Kb5 Kb7 68. Nc5+ Kc7 69.
Nd3 Bd2 70. Kc4 Kb6 71. Nb4 Be1 72. Nd5+ Kc6 73. Kd3 Kxd5 74. b4 Bxb4 1/2-1/2

[Event "Late-Titled-Tuesday-Blitz-December-26-2023"]
[Site "Chess.com"]
[Date "2023.12.26"]
[Round "11"]
[White "Kaua18"]
[Black "NoHeThTo"]
[Result "1-0"]
[WhiteElo "2580"]
[BlackElo "2681"]
[TimeControl "180+1"]
[EndTime "16:04:40 PST"]
[Termination "Kaua18 won by resignation"]

1. e4 c5 2. Nf3 g6 3. d4 cxd4 4.
Nxd4 Bg7 5. Nc3 Nc6 6. Be3 Nf6 7. Be2 O-O 8. O-O d5 9. exd5 Nxd5 10. Nxd5 Qxd5 11. Bf3 Qa5 12. Nxc6 bxc6 13. c3 Rb8 14.
Qc1 Qb5 15. Bxa7 Rb7 16. Bd4 e5 17. Be3 Qxb2 18. Bxc6 Qxc1 19. Rfxc1 Rc7 20. Bd5 Ba6 21. c4 Rfc8 22. Rab1 Bf8 23. Bb6 Rd7 24. a4 Bh6 25. Re1 Bxc4 26. Bxc4 Rxc4 27. a5 Ra4 28. Rxe5 Bd2 29.
g3 Rd3 30. Rd1 Bxa5 31. Rxd3 Bxb6 32. Rf3 Ra7 33. Kg2 Kg7 34. Rb5 Bd4 35. g4 h6 36. h4 Bf6 37. Kg3 Be7 38. g5 hxg5 39.
hxg5 Bd6+ 40. Kg2 Be7 41. Re3 Bd6 42. Rd3 Bf4 43. Kf3 Bc1 44. Rc3 Ba3 45. Kg4 Bd6 46. Rc4 Ra2 47. Rd5 Bb8 48. Rc8 Ra4+ 49. Kh3 Bf4 50. f3 Ra2 51. Kg4 Be3 52. f4 Ra4 53. Rdd8 Rxf4+ 54. Kg3 Rf3+ 55. Kxf3 Bxg5 56. Rd7 Kf6 57.
Rcc7 Ke6 58. Rxf7 Bf6 59. Rb7 Be5 60. Kg4 Kd5 61. Kg5 Ke6 62. Kxg6 Kd5 63. Rfe7 Bd6 64.
Red7 Kc6 65. Kf6 Bc5 66. Ke6 Bg1 67. Rbc7+ Kb6 68. Rc2 Kb5 69. Rd1 Bc5 70. Rb1+ Bb4 71. Rcb2 Kc4 72. Rxb4+ 1-0

[Event "Late-Titled-Tuesday-Blitz-December-26-2023"]
[Site "Chess.com"]
[Date "2023.12.26"]
[Round "11"]
[White "zsoltkorpics"]
[Black "IMRosen"]
[Result "0-1"]
[WhiteElo "2496"]
[BlackElo "2673"]
[TimeControl "180+1"]
[EndTime "16:04:40 PST"]
[Termination "IMRosen won by checkmate"]

1. e4 e5 2. Nf3 Nf6 3. Nxe5 Nc6 4. Nxc6 dxc6 5. d3 Bc5 6. c3 Nxe4 7. Qe2 Bxf2+ 8. Kd1 f5 9. Kc2 O-O 10. dxe4 fxe4 11.
Be3 Qd3+ 12. Qxd3 exd3+ 13. Kxd3 Bf5+ 14. Ke2 Rae8 15. Kxf2 Bd3+ 16. Ke1 Bxf1 17. Kd2 Bxg2 18. Rg1 Bf3 19. Na3 Re4 20. Rae1 Rd8+ 21. Kc1 Rde8 22. Nc2 Bh5 23. Rg3 Bg6 24. Bd2 Re2 25. Rxe2 Rxe2 26.
h3 Rh2 27. Nd4 Rh1+ 28. Be1 Rxe1+ 29. Kd2 Re8 30. Nb3 b6 31. Nd4 c5 32. Ne2 Rd8+ 33. Ke1 Bf5 34. Rf3 g6 35. Rg3 Re8 36. Kf2 Be6 37.
Nf4 Bxa2 38. h4 Bf7 39. h5 Re5 40. hxg6 hxg6 41. Nd3 Rf5+ 42. Ke3 Kf8 43. Nf4 Ke7 44. Nxg6+ Bxg6 45. Rxg6 Rd5 46. Rg2 Kd7 47. Ke4 Rd6 48. Ke5 Kc8 49. Rf2 Kb7 50. Rc2 a6 51. Ke4 Kc6 52. Ke5 Rd1 53. c4 Re1+ 54. Kf4 Re8 55. Kf3 b5 56. Kf2 Kb6 57. b3 c6 58.
Ra2 a5 59. Rc2 a4 60. bxa4 b4 61. Rb2 Ka5 62. Kf3 Kxa4 63. Re2 Rxe2 64. Kxe2 b3 65.
Ke3 b2 66. Ke4 b1=Q+ 67. Ke5 Qd1 68. Kf6 Kb4 69. Kg7 Kxc4 70. Kh8 Kb5 71. Kg7 c4 72. Kh8 c3 73. Kg7 c2 74. Kh8 c5 75. Kg7 c4 76.
Kh8 c3 77. Kg7 Qg1+ 78. Kh8 c1=Q 79. Kh7 Qg2 80. Kh8 Qch1# 0-1